 Dungeon Crawl Stone Soup version 0.18.1-48-g4cf74bf (webtiles) character file.

125078 nikopol the Severer (level 16, -5/219 HPs)
             Began as a Minotaur Berserker on Sept 7, 2016.
             Was the Champion of Trog.
             Killed from afar by a hell hound (8 damage)
             ... with a blast of flame
             ... led by Azrael
             ... on level 1 of the Snake Pit.
             The game lasted 01:39:56 (30840 turns).

nikopol the Severer (Minotaur Berserker)           Turns: 30840, Time: 01:39:56

Health: -5/219     AC: 14    Str: 31    XL:     16   Next: 40%
Magic:  12/15      EV: 18    Int:  4    God:    Trog [******]
Gold:   1988       SH:  0    Dex: 13    Spells: 0 memorised, 15 levels left

rFire  + . .     SeeInvis +     a - +5 battleaxe (chop)
rCold  . . .     Gourm    .     T - +1 scale mail of Hangman {rF+ rN+}
rNeg   + . .     Faith    .     (shield currently unavailable)
rPois  +         Spirit   .     (helmet restricted)
rElec  .         Dismiss  .     e - +2 cloak {MR+}
rCorr  .         Reflect  .     (no gloves)
SustAt .         Harm     .     (no boots)
MR     ++...                    P - amulet of regeneration
Stlth  ..........               K - ring of poison resistance
                                V - ring of see invisible

@: berserking (expiring), lethally poisoned (-5 -> -5), studying Dodging, very
quick, very resistant to hostile enchantments, extremely unstealthy
A: retaliatory headbutt, horns 2
a: Berserk, Trog's Hand, Brothers in Arms, Burn Spellbooks, Renounce Religion


You were on level 1 of the Snake Pit.
You worshipped Trog.
Trog was exalted by your worship.
You were not hungry.

You visited 4 branches of the dungeon, and saw 26 of its levels.
You also visited: Labyrinth.

You collected 2572 gold pieces.
You spent 584 gold pieces at shops.

Inventory:

Hand Weapons
 a - a +5 battleaxe of chopping (weapon)
 v - a +2 executioner's axe of chopping
 z - a +6 longbow of evasion
Missiles
 l - 583 arrows (quivered)
Armour
 e - a +2 cloak of magic resistance (worn)
 T - the +1 scale mail of Hangman (worn) {rF+ rN+}
   (You found it on level 3 of the Lair of Beasts)

   It protects you from fire.
   It protects you from negative energy.
Jewellery
 u - an uncursed amulet of rage
 y - an uncursed amulet of dismissal
 K - a ring of poison resistance (right hand)
 P - an amulet of regeneration (around neck)
 S - an uncursed ring of protection from cold
 U - an uncursed ring of resist corrosion
 V - a ring of see invisible (left hand)
 Z - the ring of the Jester {+Blink +Fly rElec rF- Dex+7}
   (You found it on level 6 of the Lair of Beasts)

   [ring of flight]

   It affects your dexterity (+7).
   It makes you vulnerable to fire.
   It insulates you from electricity.
   It lets you fly.
   It lets you blink.
Wands
 g - a wand of teleportation (9/9)
 n - a wand of disintegration (6/24)
 r - a wand of heal wounds (3/9)
 C - a wand of digging (7/24)
 W - a wand of disintegration (11/24)
Scrolls
 f - 7 scrolls of fog
 h - 4 scrolls of enchant weapon
 k - 12 scrolls of remove curse
 E - 5 scrolls of blinking
 G - 5 scrolls of fear
 J - 2 scrolls of enchant armour
 L - 5 scrolls of teleportation
 M - 4 scrolls of recharging
 O - 2 scrolls of summoning
 R - a scroll of torment {unknown}
Potions
 b - a potion of magic
 i - 11 potions of curing
 j - 2 potions of ambrosia
 p - 2 potions of might
 q - 5 potions of heal wounds
 s - 7 potions of flight
 A - 4 potions of cure mutation
 B - a potion of haste
 D - 3 potions of invisibility
 F - 4 potions of agility {unknown}
 H - a potion of brilliance {unknown}
 N - a potion of beneficial mutation {unknown}
 Q - 2 potions of cancellation
Books
 d - a Grand Grimoire

   Spells                             Type                      Level
   a - Monstrous Menagerie            Summoning                    7
   b - Summon Greater Demon           Summoning                    7
   c - Malign Gateway                 Summoning/Translocation      7
   d - Summon Horrible Things         Summoning                    8
   Trog disapproves of the use of such an item.
 X - a manual of Dodging
Miscellaneous
 I - an ornate deck of escape
Comestibles
 c - 17 bread rations
 o - 8 slices of pizza
 t - 13 royal jellies
 w - 28 fruits
 x - 11 meat rations


   Skills:
 + Level 14.1 Fighting
 * Level 18.2 Axes
 * Level 15.9 Bows
 + Level 14.4 Armour
 + Level 13.9 Dodging


You had 15 spell levels left.
You didn't know any spells.

Dungeon Overview and Level Annotations

Branches:
Dungeon (15/15)            Temple (0/1) D:4            Lair (8/8) D:10
 Shoals (0/4) Lair:5        Snake (1/4) Lair:4        Slime (0/6) Lair:7
    Orc (2/2) D:12            Elf (0/3) Orc:2        Vaults (0/5) D:13
 Depths (0/5) D:15

Altars:
Cheibriados
Dithmenos
Fedhas
Gozag
Nemelex Xobeh
Qazlal
Ru
Sif Muna
Vehumet
Xom
The Shining One
Jiyva

Shops:
D:5 *   D:8 =?[   D:10 (   D:14 %   D:15 }!   Orc:2 (=*!   Snake:1 *

Annotations:
Snake:1 Azrael


Innate Abilities, Weirdness & Mutations

You reflexively headbutt those who attack you in melee.
You have a pair of horns on your head.


Message History

* * * LOW HITPOINT WARNING * * *
You closely miss the naga. You headbutt the naga.
The naga is lightly wounded.
You chop the naga into pieces!!!
You kill the naga!
Trog accepts your kill.
You slice the fire elemental!!
The fire elemental is almost destroyed.
The fire elemental misses you.
You closely miss the fire elemental. You headbutt the fire elemental.
You destroy the fire elemental!
Azrael gestures at you.
The damnation unfurls!
The damnation engulfs you!
* * * LOW HITPOINT WARNING * * *
You hear an angry hiss.
You hear a shout!
You are too berserk!
You feel sick.
The naga warrior moves out of view.
The hell hound breathes flames at you. The blast of flame hits you! You resist.
You die...

###'##....#
#####'##....#
#....(.#....#
#....((#....#
#.....(######
#.....(####
#.....()..#
#####.(.(.#
#.@...#
#(##### #h#


#RE #hN§ #.E.. '§§... #...... ......## You could see Azrael and 2 hell hounds.

Vanquished Creatures
  Rupert (Lair:8)
  Agnes (Snake:1)
  A greater naga (Snake:1)
  Donald (Orc:2)
  Aizul (Snake:1)
  An orc warlord (Orc:1)
  4 vault guards (D:13)
  A minotaur (Lab)
  A fire dragon (D:15)
  An ogre mage (D:15)
  8 hydras
  4 catoblepae
  An anaconda (Snake:1)
  Erica (Lair:2)
  An ice dragon (D:15)
  A rakshasa (D:15)
  4 centaur warriors
  A queen ant (Lair:5)
  The ghost of theElss the Destroyer, a journeyman HECj of Vehumet (D:11)
  16 death yaks (Lair:8)
  3 orc high priests (Orc:2)
  Urug (Orc:2)
  2 naga sharpshooters (Snake:1)
  5 skeletal warriors (D:15)
  The ghost of Skwishie the Gouger, a novice FeMo of Ru (Lair:4)
  3 unseen horrors
  Pikel (D:8)
  3 hill giants
  An anubis guard (shapeshifter) (D:14)
  2 necromancers (D:13)
  2 orc knights
  An ugly thing (D:13)
  A mana viper (Snake:1)
  A wolf spider zombie (D:15)
  A cyclops (D:15)
  5 orc sorcerers
  3 deep elf magi
  4 griffons
  12 elephants
  A siren (Lair:5)
  9 gargoyles
  A naga mage (Snake:1)
  3 black mambas (Lair:8)
  14 spiny frogs
  A rime drake (shapeshifter) (D:14)
  8 komodo dragons
  3 freezing wraiths
  3 kobold demonologists
  2 demonic crawlers (D:15)
  An efreet (D:15)
  5 rime drakes
  5 trolls
  A polar bear (Lair:8)
  A raiju (shapeshifter) (D:13)
  6 slime creatures
  8 blink frogs (Lair:8)
  A minotaur skeleton (Lab)
  5 two-headed ogres
  A blink frog (shapeshifter) (D:13)
  A spriggan (Lair:6)
  2 shadows
  2 vampires
  A redback (Lab)
  A wraith (D:13)
  3 wyverns
  60 yaks
  A fire elemental (Snake:1)
  19 humans (D:13)
  12 basilisks
  5 vampire mosquitoes
  Grum (D:8)
  9 hippogriffs
  4 mottled dragons
  Edmund (D:4)
  11 hungry ghosts
  2 wargs (Orc:2)
  7 nagas
  14 soldier ants (Lair:5)
  18 water moccasins
  13 porcupines
  Duvessa (D:4)
  A slave (D:8)
  3 hell hounds
  A phantom (D:6)
  3 sky beasts
  27 orc warriors
  A wasp (D:15)
  4 black bears
  An eye of draining (D:8)
  11 ogres
  An eye of draining (shapeshifter) (D:14)
  A necrophage (D:13)
  23 wolves
  9 centaurs
  18 crocodiles
  A big kobold (D:8)
  Blork the orc (D:5)
  20 giant frogs
  Dowan (D:4)
  4 scorpions
  9 killer bees
  7 wights
  A spriggan skeleton (Lab)
  6 electric eels
  A howler monkey (D:4)
  A troll skeleton (Lab)
  10 jellies
  3 crimson imps
  2 centaur zombies
  A giant frog zombie (D:4)
  5 hounds
  Crazy Yiuf (D:7)
  27 orc priests
  24 orc wizards
  2 giant frog skeletons
  8 centaur skeletons
  9 iguanas
  8 hell rats
  47 worker ants
  6 sheep (Lair:5)
  2 killer bee zombies
  2 hound zombies
  A hound skeleton (D:4)
  Robin (D:2)
  2 howler monkey zombies
  4 gnolls
  2 howler monkey skeletons
  118 river rats
  11 adders
  3 shadow imps
  13 oozes
  An adder skeleton (D:4)
  3 adder zombies
  2 worms
  A dart slug (D:3)
  10 giant geckos
  77 orcs
  3 ball pythons (D:5)
  11 bats
  13 giant cockroaches
  15 goblins
  9 hobgoblins
  16 jackals
  7 quokkas
  A giant gecko skeleton (D:4)
  7 giant newts
  32 kobolds
  2 quokka skeletons (D:6)
  45 rats
  A bush (Lair:6)
  8 fungi
  16 plants
1118 creatures vanquished.

Vanquished Creatures (collateral kills)
  An orc warlord (Orc:2)
  An orc high priest (Orc:2)
  A warg (Orc:2)
  An orc warrior (Orc:2)
4 creatures vanquished.

Vanquished Creatures (others)
  Erolcha (D:9)
  2 slime creatures (D:15)
  A sky beast (D:10)
  A fire vortex (Lair:7)
  16 fungi
  10 plants
31 creatures vanquished.

Grand Total: 1153 creatures vanquished

Notes
Turn   | Place    | Note
--------------------------------------------------------------
     0 | D:1      | nikopol the Minotaur Berserker began the quest for the Orb.
     0 | D:1      | Reached XP level 1. HP: 19/19 MP: 0/0
   162 | D:1      | Reached XP level 2. HP: 22/27 MP: 1/1
   178 | D:1      | Reached skill level 4 in Axes
   304 | D:1      | Reached XP level 3. HP: 32/33 MP: 2/2
   850 | D:2      | Reached ** piety under Trog
  1004 | D:2      | Noticed Robin
  1011 | D:2      | Reached XP level 4. HP: 41/41 MP: 3/3
  1021 | D:2      | Killed Robin
  1636 | D:3      | Found a shadowy altar of Dithmenos.
  1740 | D:3      | Reached XP level 5. HP: 47/47 MP: 4/4
  1844 | D:3      | Reached *** piety under Trog
  2183 | D:3      | Found a blossoming altar of Fedhas.
  2395 | D:4      | Noticed Edmund
  2395 | D:4      | Noticed Duvessa
  2398 | D:4      | Noticed Dowan
  2410 | D:4      | Killed Edmund
  2410 | D:4      | Reached skill level 5 in Fighting
  2410 | D:4      | Reached skill level 5 in Axes
  2410 | D:4      | Reached XP level 6. HP: 56/56 MP: 5/5
  2412 | D:4      | Killed Dowan
  2413 | D:4      | Killed Duvessa
  2494 | D:4      | Reached skill level 5 in Armour
  2501 | D:4      | Reached XP level 7. HP: 49/62 MP: 6/6
  2663 | D:4      | Found a glowing golden altar of the Shining One.
  2666 | D:4      | Reached skill level 6 in Axes
  2699 | D:4      | Found a staircase to the Ecumenical Temple.
  3195 | D:5      | Entered Level 5 of the Dungeon
  3278 | D:5      | Reached skill level 5 in Dodging
  3479 | D:5      | Found Faidwa's Serpentskin Sales.
  3491 | D:5      | Noticed Blork the orc
  3497 | D:5      | Killed Blork the orc
  3827 | D:5      | Reached **** piety under Trog
  3857 | D:5      | Found a snail-covered altar of Cheibriados.
  3881 | D:5      | Reached XP level 8. HP: 71/71 MP: 7/7
  4103 | D:6      | You fall through a shaft!
  4188 | D:6      | Reached skill level 7 in Axes
  4415 | D:6      | Reached skill level 1 in Bows
  4673 | D:6      | Found a sparkling altar of Nemelex Xobeh.
  4750 | D:6      | Found a stormy altar of Qazlal.
  4886 | D:7      | Reached XP level 9. HP: 72/80 MP: 8/8
  4965 | D:7      | Reached skill level 8 in Axes
  5101 | D:7      | Noticed a gargoyle
  5110 | D:7      | Killed a gargoyle
  5439 | D:7      | Noticed Crazy Yiuf
  5444 | D:7      | Killed Crazy Yiuf
  5601 | D:8      | Noticed Grum
  5610 | D:8      | Noticed Pikel
  5615 | D:8      | Reached skill level 9 in Axes
  5624 | D:8      | Killed Pikel
  5624 | D:8      | Reached skill level 5 in Bows
  5630 | D:8      | Killed Grum
  5712 | D:8      | Found Cecool's Antique Armour Shop.
  5716 | D:8      | Found Pugake's Magic Scroll Shop.
  5721 | D:8      | Bought a transparent scale mail for 234 gold pieces
  5732 | D:8      | Identified the +1 scale mail of Birdsong {Dex+3} (You bought it in a shop on level 8 of the Dungeon)
  5896 | D:8      | Reached XP level 10. HP: 87/90 MP: 9/9
  5903 | D:8      | Reached ***** piety under Trog
  5930 | D:8      | Found a sacrificial altar of Ru.
  5976 | D:8      | Found Xykhueleda's Jewellery Boutique.
  6057 | D:8      | Reached skill level 10 in Axes
  6507 | D:9      | Received a gift from Trog
  6579 | D:9      | Noticed Erolcha
  6598 | D:9      | Killed Erolcha
  7223 | D:9      | Received a gift from Trog
  7391 | D:9      | Found an opulent altar of Gozag.
  7391 | D:9      | Found a radiant altar of Vehumet.
  7411 | D:10     | Entered Level 10 of the Dungeon
  7754 | D:10     | Received a gift from Trog
  8141 | D:10     | Reached skill level 11 in Axes
  8214 | D:10     | Found Vason's Weapon Shop.
  8303 | D:10     | Reached XP level 11. HP: 99/99 MP: 10/10
  8498 | D:10     | Received a gift from Trog
  8825 | D:10     | Found a staircase to the Lair.
  8925 | Lair:1   | Entered Level 1 of the Lair of Beasts
  9236 | Lair:1   | You fall through a shaft!
  9504 | Lair:2   | Reached skill level 10 in Fighting
 10118 | Lair:2   | Reached skill level 10 in Armour
 10346 | Lair:1   | Reached skill level 12 in Axes
 10420 | Lair:1   | Noticed a five-headed hydra
 10428 | Lair:1   | Killed a six-headed hydra
 10428 | Lair:1   | Received a gift from Trog
 10652 | Lair:1   | Noticed a five-headed hydra
 10660 | Lair:1   | Killed a five-headed hydra
 10690 | Lair:1   | Identified the Incunabulum of Frigorific Attacks
 11058 | Lair:2   | Reached XP level 12. HP: 107/107 MP: 11/11
 11235 | Lair:2   | Reached ****** piety under Trog
 11609 | Lair:2   | Received a gift from Trog
 11678 | Lair:2   | Noticed Erica
 11690 | Lair:2   | Killed Erica
 11966 | Lair:2   | Reached skill level 10 in Bows
 12465 | Lair:3   | Got a fine scale mail
 12476 | Lair:3   | Identified the +1 scale mail of Hangman {rF+ rN+} (You found it on level 3 of the Lair of Beasts)
 12902 | Lair:3   | Reached skill level 13 in Axes
 13433 | Lair:3   | Received a gift from Trog
 14188 | Lair:4   | Received a gift from Trog
 14731 | Lair:4   | Noticed an eight-headed hydra
 14739 | Lair:4   | Killed an eight-headed hydra
 14739 | Lair:4   | Reached skill level 10 in Dodging
 14878 | Lair:4   | Found a staircase to the Snake Pit.
 15065 | Lair:4   | Noticed Skwishie's ghost (novice FeMo)
 15082 | Lair:4   | Killed Skwishie's ghost
 15751 | Lair:5   | Reached XP level 13. HP: 116/116 MP: 12/12
 15828 | Lair:5   | Found a staircase to the Shoals.
 16192 | Lair:5   | Received a gift from Trog
 16240 | Lair:5   | Received a gift from Trog
 16263 | Lair:5   | Reached skill level 14 in Axes
 17051 | Lair:6   | Received a gift from Trog
 17389 | Lair:6   | Got a glittering silver ring
 18226 | Lair:7   | Identified the ring of the Jester {+Blink +Fly rElec rF- Dex+7} (You found it on level 6 of the Lair of Beasts)
 18912 | Lair:7   | Found a viscous altar of Jiyva.
 18912 | Lair:7   | Found a staircase to the Slime Pits.
 19036 | Lair:8   | Entered Level 8 of the Lair of Beasts
 19054 | Lair:8   | Received a gift from Trog
 19122 | Lair:8   | Reached skill level 15 in Axes
 19122 | Lair:8   | Reached XP level 14. HP: 126/126 MP: 13/13
 19264 | Lair:8   | Noticed Rupert
 19274 | Lair:8   | Killed Rupert
 20160 | Lair:8   | Received a gift from Trog
 20637 | Lair:8   | Received a gift from Trog
 21225 | D:11     | Found a shimmering altar of Xom.
 21227 | D:11     | Noticed theElss's ghost (journeyman HECj)
 21245 | D:11     | Killed theElss's ghost
 21834 | D:12     | Found a staircase to the Orcish Mines.
 21930 | D:12     | Reached skill level 16 in Axes
 22510 | Orc:1    | Entered Level 1 of the Orcish Mines
 22548 | Orc:2    | Entered Level 2 of the Orcish Mines
 22603 | Orc:2    | Found a labyrinth entrance.
 22618 | Lab      | Entered a labyrinth
 23096 | Lab      | Found an exit through the horrors of the Abyss.
 23299 | Lab      | Found an exit through the horrors of the Abyss.
 23304 | Lab      | Found an exit through the horrors of the Abyss.
 23373 | Lab      | Received a gift from Trog
 23567 | Lab      | Found an exit through the horrors of the Abyss.
 24444 | Orc:2    | Noticed Urug
 24458 | Orc:2    | Killed Urug
 24458 | Orc:2    | Reached XP level 15. HP: 113/135 MP: 14/14
 24628 | Orc:2    | Received a gift from Trog
 24644 | Orc:2    | Found a staircase to the Elven Halls.
 24691 | Orc:2    | Noticed Donald
 24704 | Orc:2    | Killed Donald
 24872 | Orc:2    | Noticed an orc warlord
 24915 | Orc:2    | Killed an orc warlord
 25867 | Orc:2    | Received a gift from Trog
 25915 | Orc:2    | Found Poumad's Assorted Antiques.
 25915 | Orc:2    | Found Ibbufum's Distillery.
 25915 | Orc:2    | Found Ezeacim's Jewellery Boutique.
 25919 | Orc:2    | Found Vuj Giz's Antique Weapon Boutique.
 26042 | Orc:2    | Bought a potion of heal wounds for 65 gold pieces
 26058 | Orc:2    | Bought a dented blue amulet for 130 gold pieces
 26181 | Orc:1    | Noticed an orc warlord
 26198 | Orc:1    | Killed an orc warlord
 27060 | D:13     | Received a gift from Trog
 27115 | D:13     | Reached skill level 17 in Axes
 27225 | D:13     | Found a gate to the Vaults.
 27532 | D:13     | Got a distressingly furry chain mail
 27543 | D:13     | Identified the cursed +1 chain mail "Hufaer" {rN+++ Str+3 Int-4} (You found it on level 13 of the Dungeon)
 27543 | D:13     | Lost intelligence.
 27643 | D:13     | Reached skill level 15 in Bows
 28222 | D:14     | Received a gift from Trog
 28342 | D:14     | Received a gift from Trog
 28456 | D:14     | Found Zugro's Food Shoppe.
 28746 | D:15     | Entered Level 15 of the Dungeon
 28904 | D:15     | Received a gift from Trog
 29127 | D:15     | Reached XP level 16. HP: 144/145 MP: 15/15
 29449 | D:15     | Received a gift from Trog
 29557 | D:15     | Found Niuleism's Gadget Shoppe.
 29809 | D:15     | Found a deep blue altar of Sif Muna.
 29880 | D:15     | Found Roats's Distillery.
 30045 | D:15     | Reached skill level 18 in Axes
 30051 | D:15     | Found a staircase to the Depths.
 30357 | Snake:1  | Entered Level 1 of the Snake Pit
 30357 | Snake:1  | Found Tosiceur's Assorted Antiques.
 30362 | Snake:1  | Bought a potion of heal wounds for 155 gold pieces
 30403 | Snake:1  | Noticed Aizul
 30419 | Snake:1  | Killed Aizul
 30816 | Snake:1  | Noticed Agnes
 30821 | Snake:1  | Noticed Azrael
 30833 | Snake:1  | Killed Agnes
 30839 | Snake:1  | HP: 3/219 [Azrael/damnation (41)]
 30840 | Snake:1  | Killed from afar by a hell hound

Skill      XL: |  1  2  3  4  5  6  7  8  9 10 11 12 13 14 15 16 |
---------------+-------------------------------------------------+-----
Axes           | 4 5 6 7 9 11 12 13 15 16 17 18 | 18.2
Fighting       | 4 5 6 7 8 9 10 11 12 13 14 | 14.1
Armour         | 3 4 5 6 7 8 9 10 11 12 13 14 | 14.4
Dodging        | 3 4 5 6 7 8 9 10 11 12 13 | 13.9
Bows           | 2 5 7 9 11 12 14 15 | 15.9

Action                   |  1- 3 |  4- 6 |  7- 9 | 10-12 | 13-15 | 16-18 || total
-------------------------+-------+-------+-------+-------+-------+-------++-------
Melee: Hand axe          |    92 |    46 |       |       |       |       ||   138
       Headbutt          |     7 |    21 |    49 |   136 |   209 |    45 ||   467
       War axe           |       |    55 |   222 |   568 |    80 |       ||   925
       Battleaxe         |       |       |       |       |   644 |   153 ||   797
       Longbow           |       |       |       |       |     1 |       ||     1
 Fire: Shortbow          |       |       |       |   545 |   164 |       ||   709
       Longbow           |       |       |       |       |   643 |   109 ||   752
Invok: Berserk           |     1 |     2 |     3 |     5 |     6 |     2 ||    19
       Burn Spellbooks   |       |       |       |     4 |     4 |       ||     8
       Brothers in Arms  |       |       |       |       |     1 |       ||     1
  Use: Scroll            |       |       |     9 |     4 |    21 |     2 ||    36
 Stab: Petrified         |       |       |       |       |     3 |       ||     3
       Petrifying        |       |       |       |       |     1 |       ||     1
       Distracted        |       |       |       |       |     1 |       ||     1
  Eat: Chunk             |       |     8 |    14 |    35 |    43 |     5 ||   105
       Meat ration       |       |       |     1 |       |       |       ||     1
       Fruit             |       |       |       |     1 |     1 |       ||     2
       Beef jerky        |       |       |       |       |     4 |     1 ||     5
       Royal jelly       |       |       |       |       |     1 |       ||     1
Armor: Ring mail         |    41 |    37 |    54 |       |       |       ||   132
       Scale mail        |       |       |     6 |   204 |   232 |    22 ||   464
Dodge: Dodged            |    44 |    56 |   164 |   426 |   630 |   139 ||  1459
